[Event "Sautron op 16th"]
[Site "Sautron"]
[Date "2016.10.22"]
[Round "2.2"]
[White "Bedouin, Xavier"]
[Black "Maiorov, Nikita"]
[Result "1/2-1/2"]
[ECO "C95"]
[WhiteElo "2353"]
[BlackElo "2535"]
[Annotator "RR"]
[PlyCount "80"]
[EventDate "2016.10.22"]
[EventType "swiss"]
[EventRounds "9"]
[EventCountry "FRA"]
[SourceTitle "EXT 2019"]
[Source "ChessBase"]
[SourceDate "2018.10.10"]
[SourceVersion "1"]
[SourceVersionDate "2018.10.10"]
[SourceQuality "1"]
[TimeControl "40/5400+30:1800+30"]
[WhiteClock "0:30:56"]
[BlackClock "0:34:32"]

1. e4 e5 2. Nf3 Nc6 3. Bb5 a6 4. Ba4 Nf6 5. O-O Be7 6. Re1 b5 7. Bb3 d6 (7... O-O) 8. c3 O-O 9. h3 Nb8 {[%emt 0:00:02] La variante Breyer} 10. d4 Nbd7 11. Nbd2 (11. c4 $5 c6 12. a3 bxc4 13. Bxc4 Nxe4 14.
dxe5 d5 {Zhigalko,S (2671)-Ivanchuk,V (2753) Latvian Railway op rapid 2014 (9)
0-1}) 11... Bb7 12. Bc2 Re8 (12... c5 13. d5 $14 ) 13. Nf1 (13. a4) (13. b3)
13... Bf8 14. Ng3 g6 (14... c6 {Passif mais la position Noire est solide}) 15. a4 Nb6 (15... c5 16. d5 c4 17. Bg5 Bg7 18. Qd2
Rb8 19. Nh2 Bc8 20. Ng4 Nc5 21. Nh6+ Bxh6 22. Bxh6 bxa4 23. Ra2 a3 24. bxa3
Nfd7 25. f4 a5 26. Rf1 f6 27. f5 Nd3 28. Bxd3 cxd3 29. Qd1 Re7 30. Raf2 Rf7 31.
Qxd3 Nc5 32. Qf3 Ba6 33. Qg4 g5 34. h4 Bxf1 35. Rxf1 Qd7 36. hxg5 fxg5 37. Qh5
Kh8 38. f6 Rg8 39. Bg7+ Rfxg7 40. fxg7+ Qxg7 41. Nf5 Qg6 42. Qxg6 Rxg6 43. Ne7
Kg7 44. Nxg6 Kxg6 45. Rf8 {Anand,V (2804)-Carlsen,M (2876) Stavanger 2015 1-0})
16. dxe5 dxe5 17. Qxd8 Raxd8 18. axb5 axb5 19. Bg5 $146 (19. Ra7 Rb8 20. Bd3 Nc8 21. Ra5 c6 22. Be3 Bd6 23. Rd1 Bc7 24.
Ra2 Nb6 25. b3 Ra8 26. Rxa8 Bxa8 27. Ra1 Nfd7 28. c4 bxc4 29. bxc4 Bd6 30. Ra5
Bb4 31. Ra6 c5 32. Nd2 Bc6 33. Nb3 Ra8 34. Rxa8+ Bxa8 35. Nf1 Bb7 36. Nfd2 Ba6
37. Be2 f6 38. Bg4 Kf7 39. Bxd7 Nxd7 40. Kf1 Ke6 41. Ke2 Kd6 42. Kd3 Nb6 43.
Bh6 Ke6 44. Be3 Na4 45. Kc2 Kd6 46. f3 Nb6 47. Kd3 Na4 48. Kc2 Nb6 {Ringoir,T 
(2321)-Sonntag,H (2384) Eupen 2008 1/2-1/2}) 19... Bg7 20. Ra7
$36 Rb8 21. Bd3 c6 22. b3 Nfd7 23. Nf1 Bf8 24. Bc2 Nc8 $5 25. Ra2 Nd6 26. N3d2 Bc8 27. Be3 b4 28. cxb4 (
28. c4) 28... Nb5 29. Bd3 Nd4 30. Rc1 Bxb4 $132 31. Ra4 c5 32. Ra7 Nb6 33. Bxd4 exd4 34. Nf3 Be6 35. N1d2 Bc3 $1 36. Nb1 Bxb3 37. Nxc3 dxc3 38. Rxc3 c4 39. Nd2 $1 Red8 40. Nxb3 Rxd3 1/2-1/2

[Event "Rohde op 12th"]
[Site "Sautron"]
[Date "2012.10.29"]
[Round "4"]
[White "Riff, Jean Noel"]
[Black "Pancevski, Filip"]
[Result "1/2-1/2"]
[ECO "C95"]
[WhiteElo "2473"]
[BlackElo "2482"]
[Annotator "RR"]
[PlyCount "82"]
[EventDate "2012.10.27"]
[EventType "swiss"]
[EventRounds "9"]
[EventCountry "FRA"]
[SourceTitle "EXT 2014"]
[Source "ChessBase"]
[SourceDate "2013.11.20"]
[SourceVersion "1"]
[SourceVersionDate "2013.11.20"]
[SourceQuality "1"]
[TimeControl "40/5400+30:1800+30"]
[WhiteClock "1:30:00"]
[BlackClock "1:30:00"]

1. e4 e5 2. Nf3 Nc6 3. Bb5 a6 4. Ba4 Nf6 5. O-O b5 6. Bb3 Be7 7. Re1 d6 8. c3 O-O 9. h3 Nb8 {
[%emt 0:00:08] La défense Breyer est trés solide} 10. d4 (10.
d3) 10... Nbd7 11. Nbd2 Bb7 12. Bc2 Re8 13. b3 (13. Nf1 {La grande ligne} Bf8 14. Ng3) 13... Bf8 14. Bb2 (14. d5) (14. a4) 14... g6 15. a4 c6 (15... Rb8 16. Bd3 c6 17. Qc2 Nh5 18. Nh2 Nf4 19.
Bf1 Ne6 20. Ng4 Bg7 21. dxe5 dxe5 22. Nf3 h5 23. Ne3 Qc7 24. Rad1 Rbd8 25. h4 {
1/2-1/2 Ljubojevic,L (2600)-Karpov,A (2705)/Tilburg 1986/CBM 003}) (15... Bg7
16. Bd3) 16. Nf1 (16. Bd3 Bg7 17. Qc2 Qc7 18. c4 $14 {
Volokitin,A (2672)-Tazbir,M (2444) POL-chT Karpacz 2008 (3) 1/2}) 16... Qb6
$146 ({RR} 16... Nh5 17. Ne3 Nf4 18. Qd2 h5 19. Rad1 Qb6 20.
c4 Rad8 21. d5 bxa4 22. g3 axb3 23. Bb1 Nxh3+ 24. Kg2 Nxf2 25. Qxf2 Bh6 26.
dxc6 Qxc6 27. g4 Bf4 28. gxh5 Nf6 29. Nd5 Nxd5 30. exd5 Qxc4 31. Re4 {Tukhaev,
A (2536)-Salgado Lopez,I (2627)/Mamaia 2012/CBM 150 Extra/1-0 (35)}) 17. Ng3 (17. a5 Qc7 18. Ng3 (18. Bd3)) 17... Rad8 18.
a5 Qc7 19. Bd3 Bg7 20. Qc2 c5 {[%emt 0:02:57] La perte de tremps est
négligeable dans une position fermée.} 21. d5 Rf8 (21... Bh6 $5 22. c4 b4) 22. c4 b4 23. Bc1 {[%emt 0:03:12] Le Bb2 n'avait plus beaucoup
d'avenir et les Blancs profitent du fait que les Noirs n'ont pas joué Bh6} Kh8 24. Ra2 {[%emt 0:01:53] Un coup bizarre} Ng8 25. Bd2 Rde8 26. Qc1 Bc8 27. Nh2 Qd8 28.
Bb1 Ndf6 29. Rf1 {[%emt 0:01:12] La poussée
f4 sera difficile а réaliser sans affaiblir le P"e4"} h5 $5 30. Bg5 Qc7 31. Nf3 Nh7 32. Bd2 Qd8 {[%emt 0:00:41]
Proposant tacitement la nulle} 33. Ng5 Nxg5 34. Bxg5 f6 35. Be3 h4 36. Nh1 f5 $1 37. exf5 gxf5 38. Qd1 Qf6 39. Qh5+ Bh6 40. f4 Kg7
$1 41. Bc1 Ne7 1/2-1/2

[Event "Plancoet op-A 10th"]
[Site "Plancoet"]
[Date "2013.07.30"]
[Round "4"]
[White "Bryzgalin, Kirill"]
[Black "Miron, Lucian Costin"]
[Result "1/2-1/2"]
[ECO "C95"]
[WhiteElo "2470"]
[BlackElo "2544"]
[Annotator "RR"]
[PlyCount "43"]
[EventDate "2013.07.28"]
[EventType "swiss"]
[EventRounds "9"]
[EventCountry "FRA"]
[SourceTitle "EXT 2017"]
[Source "ChessBase"]
[SourceDate "2016.10.25"]
[SourceVersion "1"]
[SourceVersionDate "2016.10.25"]
[SourceQuality "1"]
[TimeControl "40/5400+30:1800+30"]

1. e4 e5 2. Nf3 Nc6 3. Bb5 a6 4. Ba4 Nf6 5. O-O Be7 6. Re1 b5 7. Bb3 d6 8. c3
O-O 9. h3 Nb8 10. d4 (10. d3 Nbd7 11. Nbd2 Bb7 12. Nf1) 10... Nbd7 11. Nbd2 Bb7
12. Bc2 Re8 (12... c5 13. d5 ) 13. Nf1 Bf8 14. Ng3 g6 15. Bg5 (15.
a4) (15. b3) 15... h6 ({RR} 15... Bg7 16. Qd2 Qe7 17. b3 c6 18. Rad1 Qf8 19. a4
Rad8 20. Qc1 h6 21. Be3 Kh7 22. b4 Re7 23. axb5 cxb5 24. d5 Rc8 25. Qa3 Qd8 26.
Rc1 Nb6 27. Nd2 h5 28. Bd3 Bh6 29. Bxh6 Kxh6 30. c4 {Karjakin,S (2706)-Kamsky,
G (2725) Nice 2009 1-0 (52)}) 16. Be3 Bg7 17. Qd2 Kh7 18. dxe5 $146 ({RR} 18.
d5 Qe7 19. Rad1 Bf8 20. b3 c5 21. b4 c4 22. a4 Bg7 23. a5 {1/2-1/2 (23) Ivanco,
I-Kozma,J Bratislava 1956}) 18... dxe5 19. a4 c5 20. Qe2 Bc6 $11 21. Nd2 Qc7
22. axb5 1/2-1/2

[Event "Plancoet op-A 10th"]
[Site "Plancoet"]
[Date "2013.07.31"]
[Round "5"]
[White "Konguvel, Ponnuswamy"]
[Black "Miron, Lucian Costin"]
[Result "1-0"]
[ECO "C95"]
[WhiteElo "2319"]
[BlackElo "2544"]
[Annotator "RR"]
[PlyCount "123"]
[EventDate "2013.07.28"]
[EventType "swiss"]
[EventRounds "9"]
[EventCountry "FRA"]
[SourceTitle "EXT 2017"]
[Source "ChessBase"]
[SourceDate "2016.10.25"]
[SourceVersion "1"]
[SourceVersionDate "2016.10.25"]
[SourceQuality "1"]
[TimeControl "40/5400+30:1800+30"]

1. e4 e5 2. Nf3 Nc6 3. Bb5 a6 4. Ba4 Nf6 5. O-O Be7 6. Re1 b5 7. Bb3 d6 8. c3
O-O 9. h3 Nb8 10. d4 Nbd7 11. Nbd2 Bb7 12. Bc2 Re8 13. Nf1 ({RR} 13. b4) 13...
Bf8 14. Ng3 g6 15. a4 Bg7 16. Bg5 h6 17. Bd2 c5 ({RR} 17... Nb6 18. axb5 axb5
19. b3 Nfd7 20. Bd3 b4 21. Rxa8 Bxa8 22. dxe5 Nxe5 23. Nxe5 dxe5 24. Qc2 bxc3
25. Bxc3) ({RR} 17... exd4 18. cxd4 c5 19. d5 Nb6 20. Qc1 Kh7 21. Ba5 Nfd7) 18.
d5 Nb6 19. Qe2 $146 (19. a5 {Garcia Martinez,S (2445)-Parma,B (2510) Portoroz/
Ljubljana 1975 (14) 1/2}) 19... Qd7 20. Be3 Nxa4 21. Bxa4 bxa4 22. Qc2 Nxd5 $5
(22... Rab8) 23. exd5 Bxd5 24. Qxa4 Qxa4 25. Rxa4 f5 $44 26. Bd2 Kh7 27. Rea1
Bb7 28. Be1 Rab8 29. Nd2 Red8 (29... Bc8 $5 ) 30. Ra5 Bc8 31.
R1a2 Bf6 32. Ngf1 f4 $6 33. Ne4 Be7 34. c4 Bb7 35. Nfd2 g5 36. Nc3 Rd7 37. Nd5 Rf8 38. f3 {[%csl Gd5] Les
Noirs sont privés de contre-jeu et la paire de B ne sert à rien} h5 39. Ne4
$18 {[%csl Gd5,Ge4] Un cas d'école de domination des N sur les B.} Bd8 40.
R5a3 Kg6 41. Rb3 Rh8 42. Bc3 g4 43. Rxb7 Rxb7 44. Rxa6 gxf3 45. Nxd6 Rd7 46.
Bxe5 Rg8 47. Bxf4 fxg2 48. Ne4+ Kf7 49. Nxc5 Bh4 50. Be3 Rdd8 51. Ra7+ Kg6 52.
Kxg2 Rdf8 53. Nd3 Kf5+ 54. Kf3 Rg3+ 55. Ke2 Rg2+ 56. Kf1 Rc2 57. Bh6 Re8 58.
Ne3+ Rxe3 59. Bxe3 Ke4 60. Bf2 Bf6 61. Nc5+ Kf3 62. Ra3+ 1-0

[Event "Rohde op 12th"]
[Site "Sautron"]
[Date "2012.11.02"]
[Round "8"]
[White "Oleksienko, Mikhailo"]
[Black "Zubarev, Alexander2"]
[Result "1/2-1/2"]
[ECO "C95"]
[WhiteElo "2539"]
[BlackElo "2583"]
[Annotator "RR"]
[PlyCount "50"]
[EventDate "2012.10.27"]
[EventType "swiss"]
[EventRounds "9"]
[EventCountry "FRA"]
[SourceTitle "EXT 2014"]
[Source "ChessBase"]
[SourceDate "2013.11.20"]
[SourceVersion "1"]
[SourceVersionDate "2013.11.20"]
[SourceQuality "1"]
[TimeControl "40/5400+30:1800+30"]
[WhiteClock "1:30:00"]
[BlackClock "1:30:00"]

1. e4 e5 2. Nf3 Nc6 3. Bb5 a6 4. Ba4 Nf6 5. O-O Be7 6. Re1 b5 7. Bb3 d6 8. c3 O-O 9. h3 Nb8 {
[%emt 0:02:59][%cal Gb8d7] La vieille variante Breyer} 10. d4 (10. d3) 10... Nbd7 11. Nbd2 (11. c4 c6)
11... Bb7 12. Bc2 Re8 13.
Nf1 Bf8 14. Ng3 g6 15. a4 (15. b3)
15... c6 (15... c5 $142 {Plus courant} 16. d5) 16. Be3 {
[%emt 0:10:27] Une ligne secondaire} (16. b4 Nb6 17. dxe5 dxe5 18. Qxd8 Raxd8
19. Bg5 Kg7 20. Nd2 Nxa4 21. Bxa4 bxa4 22. Nc4 c5 23. bxc5 Bxc5 24. Rxa4 Rd3
25. Be3 Bxe3 26. Rxe3 Rd1+ 27. Kh2 h5 28. f3 h4 29. Ne2 Bc6 30. Rb4 Bb5 {
Milos,G (2618)-Mamedyarov,S (2741)/Bursa 2010/CBM 134/0-1 (36)}) 16... c5 $146 (16... Qc7 17. Qd2 Bg7 18. Bg5 Nf8 19. Bd3 Ne6 20. Be3 Nd7 21.
Bc2 Nb6 22. axb5 Nc4 23. Qe2 axb5 24. Bb3 Nxe3 25. fxe3 Qb6 26. Kh1 Rxa1 27.
Rxa1 exd4 28. exd4 c5 29. d5 Nf8 30. Qf2 Nd7 31. Rf1 {Barendse,T (2206)
-Pavasovic,D (2615)/Wijk aan Zee 2004/CBM 099/0-1 (76)}) 17. d5 c4 18. Qd2 Nc5 $11 19. Ra3 $5 Nfd7 20. Rea1 Nb6 $1 21.
axb5 {[%emt 0:02:03] Conduit а des simplifications et la position va
s'applanir.} axb5 22. Rxa8 Nxa8 23. Bh6 Nb6 24. h4 Nbd7 25. h5 Bxh6 1/2-1/2

[Event "FIDE World Cup"]
[Site "Tbilisi"]
[Date "2017.09.04"]
[Round "1.2"]
[White "Harikrishna, Pentala"]
[Black "Gonzalez Vidal, Yuri"]
[Result "1-0"]
[ECO "C95"]
[WhiteElo "2743"]
[BlackElo "2547"]
[Annotator "Sagar Shah"]
[PlyCount "81"]
[EventDate "2017.09.03"]
[EventType "k.o."]
[EventRounds "7"]
[EventCountry "GEO"]
[SourceTitle "CBM 181"]
[Source "ChessBase"]
[SourceDate "2017.11.10"]
[SourceVersion "1"]
[SourceVersionDate "2017.11.10"]
[SourceQuality "1"]
[TimeControl "40/5400+30:1800+30"]

1. e4 e5 2. Nf3 Nc6 3. Bb5 a6 4. Ba4 Nf6 5. O-O Be7 6. Re1 b5 7. Bb3 d6 8. c3 O-O 9. h3 Nb8 10. d4 Nbd7 11. Nbd2 Bb7 12. Bc2 Re8 13. Nf1 Bf8 14. Ng3 g6 15. b3 Bg7 16. d5 Rc8 17. c4 c6 {[%emt 0:03:34] This
is all very well known and 74 games have already played in this position.} 18.
Bg5 h6 19. Bd2 $5 $146 {[%emt 0:00:10] This
is Harikrishna's novelty. Earlier 19.Be3 has been played. Harikrishna had the
position with Black against Gashimov when the Azeri player had gone Be3. The
idea of this move is to provoke ...a5. Once that is played the queenside
structure is not so solid for Black and he cannot hold his position together
for long and hence has to clarify the situation on the queenside.} (19. Be3 Nb6
{Gashimov-Harikrishna, 2008.}) 19... a5 (19... Nb6 20. Ba5 $16
) 20. Be3 {[%emt 0:02:07] After provoking ...a5, Hari moves the bishop to e3.}
Ba6 (20... Nb6 21. Rb1) 21. Qd2 Kh7 (21... bxc4 22. bxc4 Bxc4 23. dxc6 Rxc6 24. Ba4 $14) 22. dxc6 Rxc6 23. cxb5 Bxb5 24. Rac1 Bf8 25. a4 Ba6 26. b4 $1 {[%emt 0:00:08] A very nice pawn sacrifice by
Harikrishna.} axb4 27. Bb3 Rxc1 28. Rxc1 d5 (28... Qe7 29. Rc7 $36) 29.
Bxd5 Qe7 (29... Nxd5 30. Qxd5 $14 (30. exd5
f5 $17)) 30. Bb3 Rc8 31. Rxc8 Bxc8 32. Qd3 $6 (32. a5 $16) 32... Bb7 $2 (32... Nc5 $1 33. Bxc5 Qxc5 34. Bxf7 Qc3 $1 $11 {It was not so
easy to find these moves that give up the f7-pawn, but if Gonzalez had have
them he would have qualified for the next round.}) 33. a5 (33.
Qb5 $1 $16) 33... Kg8 34. a6 Ba8 35. a7 {[%emt 0:00:51] The a-pawn single handedly wins the game.} Qe8 36. Qc4 Kg7 37. Qc7 {[%emt 0:
03:28] Black is completely tied up.} Kh7 38. Ba4 Kg7 39. Nd2 Be7 40. Bc6 Kh7 41. Bb7 {[%emt 0:02:42] Next up is Qc6,
and the a-pawn just queens.} 1-0